 Dungeon Crawl Stone Soup version 0.29-a0-582-ge82337ba6a (webtiles) character file.

Game seed: 9494087987561864485

2758 HoaS the Gouger (level 9, -7/44 HPs)
             Began as a Felid Berserker on June 14, 2022.
             Was an Elder of Trog.
             Killed from afar by Blork the orc (10 damage)
             ... with a puff of flame
             ... on level 6 of the Dungeon.
             The game lasted 00:17:23 (8547 turns).

HoaS the Gouger (Felid Berserker)                   Turns: 8547, Time: 00:17:23

Health: -7/44      AC:  2    Str: 13    XL:     9   Next: 41%
Magic:  19/19      EV: 38    Int:  8    God:    Trog [****..]
Gold:   67         SH:  0    Dex: 20    Spells: 8/8 levels left
                                        Lives:  0   Deaths: 2

rFire   . . .      SeeInvis +     - Unarmed
rCold   . . .      Faith    .   (shield unavailable)
rNeg    + . .      Spirit   .   (body armour unavailable)
rPois   .          Reflect  .   (helmet unavailable)
rElec   .          Harm     .   (cloak unavailable)
rCorr   .          Rampage  .   (gloves unavailable)
Will    +....                   (boots unavailable)
Stlth   ++........              g - amulet of the acrobat
HPRegen 0.14/turn               k - ring "Poxis" {rN+ MP+9}
MPRegen 0.16/turn               (no ring)

@: acrobatic, quick
A: very small, claws 1, fangs 3, see invisible, speed 1, shaggy fur 2, stealthy
paws, no weapons or thrown items, no armour, multi-lived
a: Renounce Religion, Berserk, Trog's Hand, Brothers in Arms


You were on level 6 of the Dungeon.
You worshipped Trog.
Trog was greatly pleased with you.
You visited 2 branches of the dungeon, and saw 7 of its levels.
You also visited: Sewer.

You collected 339 gold pieces.
You spent 272 gold pieces at shops.

Inventory:

Jewellery
 g - an amulet of the acrobat (around neck)
 k - the ring "Poxis" (left paw) {rN+ MP+9}
   (You found it on level 5 of the Dungeon)

   [ring of positive energy]

   rN:        It protects you from negative energy.
   MP:        It affects your magic capacity (+9).
Wands
 l - a wand of digging (14)
Scrolls
 b - a scroll of magic mapping
 c - 3 scrolls of teleportation
 h - a scroll of immolation
 n - 2 scrolls of blinking
 o - 2 scrolls of identify
 r - a scroll of silence {unknown}
Potions
 a - a potion of might
 d - 2 potions of mutation
 e - 5 potions of curing
 f - a potion of lignification
 i - a potion of resistance
 j - 2 potions of attraction
 m - a potion of cancellation
 p - 2 potions of heal wounds
 q - a potion of invisibility {unknown}


   Skills:
 * Level 7.8 Fighting
 + Level 7.7 Dodging
 * Level 11.4 Unarmed Combat


You had 8 spell levels left.
You didn't know any spells.
Your spell library was empty.

Dungeon Overview and Level Annotations

Branches:
Dungeon (6/15)             Temple (1/1) D:4           Sewer (visited)

Altars:
Ashenzari
Elyvilon
Fedhas
Hepliaklqana
Kikubaaqudgha
Makhleb
Nemelex Xobeh
Okawaru
Ru
Sif Muna
Uskayaw
Vehumet
Wu Jian
Xom
Yredelemnul
Zin
The Shining One

Shops:
D:4 (   D:5 *

Annotations:
D:6 Blork the orc


Innate Abilities, Weirdness & Mutations

You have sharp claws.
You have razor-sharp teeth.
You have supernaturally acute eyesight. (SInv)
You cover ground quickly. (Speed+)
You are covered in thick fur. (AC +2)
Your paws help you pounce on unaware monsters.
You are incapable of wielding weapons or throwing items.
You cannot wear armour.
You gain extra lives every three experience levels.


Message History

There is an open door here.
There is an open door here.
There is an open door here.
Items here: (( )).
Things that are here:
a stone; a +0 whip No target in view!
No target in view!
No target in view!
Things that are here:
5 stones; a +0 dagger
r - a scroll labelled URODOR TEDGHUFF
Things that are here:
4 stones; a +0 short sword You now have 67 gold pieces (gained 10).
You see here a +0 halberd.
You see here a +0 whip.
You see here a +0 club.
Found a helmet.
Found a ring mail.
Blork the orc shouts!
You scratch Blork the orc but do no damage.
Blork the orc complains noisily, as Orcs often do.
Blork the orc misses you.
You barely miss Blork the orc.
Blork the orc gestures at you while chanting.
The magic dart hits you!
You scratch Blork the orc but do no damage.
Blork the orc barely misses you.
Blork the orc gestures at you while chanting.
The magic dart hits you. Blork the orc casts a spell at you.
The puff of frost misses you.
Blork the orc zaps a wand.
The mass of ice explodes!
The iceblast engulfs you! Blork the orc casts a spell at you.
The magic dart hits you!
* * * LOW HITPOINT WARNING * * *
Blork the orc casts a spell at you. The puff of flame hits you!
You die...

#####
#####.#.###.####
#.......# ###.#####
#)# #### #)# ..# #)#
#.# #.# #####
###.##########.#####
....#
#...o.@............#
###.#
#.#.#########...##.#
.##.# #.......#
#.....#O#### .##.#
#.[....[#
##...##..... .##.#
##.##....
##.######## ....# #
###.. #.# ...## #..#
#.# ...# ...# #'#
...# ##.#


You could see Blork the orc.

Vanquished Creatures
  Pikel (D:6)
  Grinder (D:3)
  Sigmund (D:3)
  5 yaks (D:6)
  Edmund (D:4)
  3 ice beasts
  3 ogres
  A centaur (D:6)
  A kobold brigand (D:6)
  3 phantoms
  3 scorpions
  A howler monkey (D:6)
  A hound (D:5)
  A jelly (D:5)
  2 gnoll shamans
  3 orc priests
  2 iguanas
  6 orc wizards
  Terence (D:3)
  13 gnolls
  10 adders
  2 river rats (Sewer)
  A worm (D:4)
  4 dart slugs
  15 orcs
  9 ball pythons
  2 bats (D:1)
  2 endoplasms
  3 giant cockroaches
  9 goblins
  7 hobgoblins
  6 jackals
  4 quokkas
  9 frilled lizards
  11 kobolds
  14 rats
161 creatures vanquished.

Vanquished Creatures (others)
  5 plants (D:6)
5 creatures vanquished.

Grand Total: 166 creatures vanquished

Notes
Turn   | Place    | Note
-------+----------+-------------------------------------------
     0 | D:1      | HoaS the Felid Berserker began the quest for the Orb.
     0 | D:1      | Reached XP level 1. HP: 10/10 MP: 2/2
    39 | D:1      | Found a faded altar of an unknown god.
   166 | D:1      | Reached XP level 2. HP: 10/14 MP: 3/3
   537 | D:1      | Reached skill level 4 in Unarmed Combat
   802 | D:1      | Reached XP level 3. HP: 12/17 MP: 4/4
   928 | D:1      | Reached ** piety under Trog
  1251 | D:2      | Identified the +8 short sword "Wucheige" {holy, rC+++
                  | Dex+5}
  1518 | D:2      | Identified the +1 leather armour of Entitlement {rElec rC+
                  | Dex+7 Slay-2}
  1989 | D:3      | Noticed Grinder
  2378 | D:3      | Reached XP level 4. HP: 17/21 MP: 5/5
  2403 | D:3      | Noticed Sigmund
  2431 | D:4      | Noticed Edmund
  2452 | D:4      | Killed Edmund
  2453 | D:4      | Reached skill level 6 in Unarmed Combat
  2453 | D:4      | Reached XP level 5. HP: 16/24 MP: 6/6
  2487 | D:4      | Found a glowing drain.
  2516 | Sewer    | Entered a sewer
  2589 | Sewer    | HP: 1/24 [poisoned by an adder]
  3480 | D:4      | Slain by a gnoll shaman
  3481 | D:4      | Reached XP level 4. HP: 0/21 MP: 5/5
  3552 | D:3      | Reached XP level 5. HP: 24/24 MP: 6/6
  3558 | D:3      | Killed Sigmund
  3559 | D:3      | Reached skill level 7 in Unarmed Combat
  3559 | D:3      | Gained mutation: You are covered in thick fur. (AC +2)
                  | [Felid growth]
  3559 | D:3      | Reached XP level 6. HP: 6/28 MP: 7/7
  3858 | D:3      | Reached skill level 8 in Unarmed Combat
  4115 | D:3      | Noticed Terence
  4132 | D:3      | Killed Terence
  4157 | D:3      | Reached *** piety under Trog
  4619 | D:3      | Killed Grinder
  4620 | D:3      | Reached skill level 9 in Unarmed Combat
  4620 | D:3      | Reached XP level 7. HP: 23/31 MP: 8/8
  5443 | D:4      | Found Cumoes's Weapon Shop.
  5488 | D:4      | Found a staircase to the Ecumenical Temple.
  5499 | Temple   | Entered the Ecumenical Temple
  6360 | D:5      | Entered Level 5 of the Dungeon
  6740 | D:5      | Reached XP level 8. HP: 27/36 MP: 9/9
  6817 | D:5      | Found Fyecyi's General Store.
  6823 | D:5      | Bought a scroll of blinking for 97 gold pieces
  6823 | D:5      | Bought 3 scrolls of identify for 78 gold pieces
  6823 | D:5      | Bought a scroll of blinking for 97 gold pieces
  6925 | D:5      | Reached skill level 5 in Dodging
  6997 | D:5      | Identified the ring "Poxis" {rN+ MP+9}
  7089 | D:5      | Slain by an ice beast
  7090 | D:5      | Reached XP level 7. HP: -3/49 MP: 14/17
  7103 | D:5      | Reached skill level 5 in Fighting
  7151 | D:5      | Reached skill level 10 in Unarmed Combat
  7451 | D:6      | Reached XP level 8. HP: 34/38 MP: 9/9
  7466 | D:6      | Reached **** piety under Trog
  7524 | D:6      | Noticed a two-headed ogre
  7525 | D:6      | Noticed Blork the orc
  7843 | D:6      | Noticed Pikel
  7862 | D:6      | Paralysed by Pikel for 3 turns
  7870 | D:6      | Killed Pikel
  7871 | D:6      | Reached skill level 11 in Unarmed Combat
  7871 | D:6      | Reached XP level 9. HP: 28/43 MP: 10/10
  8547 | D:6      | Killed from afar by Blork the orc

Illustrated notes

Levels and vault maps discovered:
D:1:      minmay_arrival_cross, layout_basic, basic_ecumenical_altar,
          minmay_misc_feat_doors
D:2:      layout_loops_ring
D:3:      minmay_evil_eye, layout_loops_ring, uniq_sigmund, uniq_grinder,
          uniq_terence
D:4:      layout_gridville, minmay_temple_entry_antechambers, serial_shops,
          kennysheep_mini_moat, cheibrodos_sewer_entry_bend, uniq_edmund
D:5:      layout_cave_pools, serial_shops, shop
D:6:      layout_loops_corners, lexackson_kobold_supper, uniq_blork_the_orc,
          uniq_pikel
Temple:   minmay_temple_bridge_d

Skill      XL: |  1  2  3  4  5  6  7  8 |
---------------+-------------------------+-----
Unarmed Combat | 4 6 7 9 10 11 | 11.4
Fighting       | 5 7 |  7.8
Dodging        | 6 7 |  7.7

Action                   |  1- 3 |  4- 6 |  7- 9 || total
-------------------------+-------+-------+-------++-------
Melee: Unarmed           |   109 |   122 |   246 ||   477
       Punch             |     3 |     7 |    13 ||    23
       Bite              |     5 |    14 |    22 ||    41
Invok: Berserk           |       |       |     4 ||     4
  Use: Scroll            |    10 |     1 |    10 ||    21
       Potion            |       |     5 |       ||     5
 Stab: Sleeping          |     2 |     3 |     1 ||     6
Armor: Skin              |     3 |     7 |     7 ||    17
Dodge: Dodged            |    65 |    95 |   187 ||   347

Table legend: (Time is in decaauts)
 A = Elapsed time spent in this place.
 B = Non-inter-level travel time spent in this place.
 C = Inter-level travel time spent in this place.
 D = Time resting spent in this place.
 E = Time spent auto-exploring this place.
 F = Levels seen in this place.
 G = Mean time per level.
                   A        B        C        D        E       F      G
               +--------+--------+--------+--------+--------+-----+--------+
         Total |   7648 |   7269 |    379 |   3266 |   2709 |   8 |  956.0 |
       Dungeon |   6438 |   6176 |    262 |   2679 |   2344 |   6 | 1073.0 |
        Temple |    295 |    178 |    117 |      0 |    169 |   1 |  295.0 |
         Sewer |    914 |    914 |      0 |    587 |    196 |   1 |  914.0 |
               +--------+--------+--------+--------+--------+-----+--------+

Top non-repeatable levels by time:
     D:3: 1667 daAuts
     D:4: 1090 daAuts
     D:1: 983 daAuts
     D:6: 971 daAuts
   Sewer: 914 daAuts
     D:2: 875 daAuts
     D:5: 850 daAuts
  Temple: 295 daAuts
